 Dungeon Crawl Stone Soup version 0.23-a0-296-ga3b1b28 (webtiles) character file.

4 iamserjio the Chopper (level 1, -3/31 HPs)
             Began as a Naga Berserker on Oct 5, 2018.
             Was a Follower of Trog.
             Slain by a goblin
             ... wielding a +0 club
              (4 damage)
             ... on level 1 of the Dungeon.
             The game lasted 00:01:09 (96 turns).

iamserjio the Chopper (Naga Berserker)                Turns: 96, Time: 00:01:09

Health: -3/31      AC:  1    Str: 24    XL:     1   Next: 60%
Magic:  1/1        EV: 10    Int:  7    God:    Trog [*.....]
Gold:   27         SH:  0    Dex: 10    Spells: 0/0 levels left

rFire    . . .     SeeInvis +   a - +0 hand axe
rCold    . . .     Gourm    .   (no shield)
rNeg     . . .     Faith    .   b - +0 animal skin
rPois    +         Spirit   .   (no helmet)
rElec    .         Reflect  .   (no cloak)
rCorr    .         Harm     .   (no gloves)
MR       .....                  (no barding)
Stlth    ..........             (no amulet)
HPRegen  0.10/turn              (no ring)
MPRegen  0.07/turn              (no ring)

@: berserking, quick
A: large, see invisible, deformed body, poison resistance, slowness 2, slow
metabolism 1, spit poison 1, AC +0
a: Spit Poison, Berserk, Renounce Religion


You were on level 1 of the Dungeon.
You worshipped Trog.
Trog was aware of your devotion.
You were not hungry.

You visited 1 branch of the dungeon, and saw 1 of its levels.

You collected 27 gold pieces.

Inventory:

Hand Weapons
 a - a +0 hand axe (weapon)
Armour
 b - a +0 animal skin (worn)
Scrolls
 d - a scroll of blinking {unknown}
 e - 2 scrolls of magic mapping {unknown}
Comestibles
 c - 2 rations


   Skills:
 + Level 3.0 Fighting
 * Level 3.1 Axes
 - Level 1.5 Armour
 - Level 1.5 Dodging
 + Level 0.7 Stealth


You couldn't memorise any spells.
You didn't know any spells.
Your spell library was empty.

Dungeon Overview and Level Annotations

Branches:
Dungeon (1/15)

Altars:


Innate Abilities, Weirdness & Mutations

You cannot wear boots.
Your serpentine skin is tough. (AC +0)
You have supernaturally acute eyesight. (SInv)
Armour fits poorly on your strangely shaped body.
Your system is resistant to poisons. (rPois)
You cover ground very slowly.
You have a slow metabolism.
You can spit poison.


Message History

You closely miss the goblin. You closely miss the bat. You hit the hobgoblin.
The bat hits you but does no damage. The bat hits you.
The hobgoblin hits you with a club. The goblin hits you with a club.
* * * LOW HITPOINT WARNING * * *
The bat completely misses you.
A red film seems to cover your vision as you go berserk!
You feel yourself moving faster!
You feel mighty!
You feel a lot more hungry. The bat closely misses you.
The hobgoblin closely misses you. The goblin hits you with a club.
* * * LOW HITPOINT WARNING * * *
The bat hits you but does no damage.
You slash the hobgoblin!
You kill the hobgoblin!
Trog accepts your kill.
You closely miss the bat. You barely miss the goblin.
The bat hits you but does no damage. The goblin hits you with a club.
* * * LOW HITPOINT WARNING * * *
You closely miss the goblin. You barely miss the bat. You closely miss the bat.
The bat hits you but does no damage. x2; The goblin hits you with a club.
You die...

...............#..##
#
##..##.#####..#....
#. #.....# ..#..#.
##$####..#### #..#.
#........# #.##.
.b##..#..#######
#..#. ##..).b..b...
..#.. ##.#b######
##.#.. #g@.# #..#.
#?.g#g...# #..##
..)(.##$...# ##. #
#...# ....... . ##.#
.......... #. ##
.......### ..
####....# #####


You could see a hobgoblin, 2 goblins and 2 bats.

Vanquished Creatures
  A hobgoblin (D:1)
  2 kobolds (D:1)
  A frilled lizard (D:1)
4 creatures vanquished.

Notes
Turn   | Place    | Note
-------+----------+-------------------------------------------
     0 | D:1      | iamserjio the Naga Berserker began the quest for the Orb.
     0 | D:1      | Reached XP level 1. HP: 21/21 MP: 1/1
    95 | D:1      | HP: 1/31 [goblin/club (2)]
    96 | D:1      | Slain by a goblin

Vault maps used:
D:1:      matt_arrival_debris, solitary_fountain, hangedman_glass_garden,
          minmay_heptomino_w4

Action                   || total
-------------------------++-------
Melee: Hand axe          ||    18
Invok: Berserk           ||     1
Armor: Animal skin       ||     9
Dodge: Dodged            ||    13

Table legend:
 A = Non-vault XP
 B = Vault XP
 C = Vault XP percentage of total XP
 D = Non-vault monster count
 E = Vault monster count
 F = Vault count percentage of total count
                 A         B        C        D         E       F
            +---------+---------+-------+---------+---------+-------
      Total |       3 |       3 |  50.0 |       2 |       2 |  50.0
            +---------+---------+-------+---------+---------+-------
        D:1 |       3 |       3 |  50.0 |       2 |       2 |  50.0
            +---------+---------+-------+---------+---------+-------
